 Dungeon Sprint DCSS version 0.31.0-9-g3a7656b989 (webtiles) character file.

Game seed: 209759494999439417

850 Heoruswealwe the Spear-Bearer (level 7, 0/73 HPs)
             Began as a Minotaur Fighter on Feb 2, 2024.
             Was an Initiate of Gozag.
             Slain by a shadow (19 damage)
             ... in the Dungeon (Sprint IX: "|||||||||||||||||||||||||||||").
             The game lasted 00:01:43 (140 turns).

Heoruswealwe the Spear-Bearer (Minotaur Fighter)     Turns: 140, Time: 00:01:43

Health: 0/73       AC: 11    Str: 23    XL:     7   Next: 69%
Magic:  6/6        EV: 10    Int:  5    God:    Gozag
Gold:   0          SH:  0    Dex:  9    Spells: 6/6 levels left

rFire   . . .        b - +2 halberd (venom)
rCold   . . .        (shield currently unavailable)
rNeg    . . .        c - +1 scale mail
rPois   .            (helmet restricted)
rElec   .            (no cloak)
rCorr   .            (no gloves)
SInv    .            (no boots)
Will    .....        (no amulet) Stlth
                     k - +2 ring of protection
HPRegen 0.32/turn    (no ring)
MPRegen 0.10/turn

%: no teleportation
@: no status effects
A: horns 2, retaliatory headbutt
a: Renounce Religion, Potion Petition, Call Merchant, Bribe Branch


You were in the Dungeon.
You worshipped Gozag.
Gozag was noncommittal.
You visited 1 branch

Inventory:

Hand Weapons
 a - a +0 trident
 b - a +2 halberd of venom (weapon)
Armour
 c - a +1 scale mail (worn)
 d - a +0 buckler
Jewellery
 k - a +2 ring of protection (left hand)
Wands
 h - a wand of acid (10)
Scrolls
 j - 2 scrolls of blinking
Potions
 e - 5 potions of curing
 f - 2 potions of heal wounds
 g - a potion of haste
 i - a potion of berserk rage
 l - a potion of might


   Skills:
 + Level 10.8 Fighting
 * Level 14.3 Polearms
 + Level 10.8 Armour
 - Level 3.6 Shields


You had 6 spell levels left.
You didn't know any spells.
Your spell library was empty.

Dungeon Overview and Level Annotations

Branches:
Dungeon (1/1)

Altars:
Cheibriados
Dithmenos
Elyvilon
Fedhas
Gozag
Hepliaklqana
Kikubaaqudgha
Makhleb
Nemelex Xobeh
Okawaru
Qazlal
Ru
Sif Muna
Trog
Uskayaw
Vehumet
Wu Jian
Xom
Yredelemnul
Zin
The Shining One
Jiyva
Lugonu


Innate Abilities, Weirdness & Mutations

You have a pair of horns on your head.
You reflexively headbutt those who attack you in melee.


Message History

You have reached level 6!
You have reached level 7!
You closely miss the orc warrior.
The orc warrior is almost dead.
You barely miss the orc warrior.
The orc warrior is almost dead.
You kill the orc warrior!
Your Polearms skill increases to level 14!
You closely miss the orc warrior.
The orc warrior hits you but does no damage.
You hear a shout!
You impale the orc warrior!!
The orc warrior looks as sick as possible!
The orc warrior is severely wounded.
The orc warrior hits you but does no damage.
You puncture the orc warrior!
You kill the orc warrior!
The orc warrior is distracted by your dazzling golden aura.
An orc wizard appears from thin air!
Reactivating autopickup.
The orc wizard is no longer distracted by gold.
The orc wizard gestures wildly while chanting.
The orc wizard flickers and vanishes!
Deactivating autopickup; reactivate with Ctrl-A.
The orc warrior shouts!
The orc warrior is no longer distracted by gold.
You hear some strange, mumbled words.
A puff of flame appears from out of thin air!
The puff of flame hits you!
* * * LOW HITPOINT WARNING * * *
Something hits you but does no damage.
There is an open door to the Dungeon, spattered with blood here.
Items here: $ )))) [[.
You hear some strange, mumbled words.
A puff of flame appears from out of thin air!
The puff of flame hits you.
* * * LOW HITPOINT WARNING * * *
The shadow strikes at you from the darkness!
You die...
Your body crumbles into a pile of gold. ▓▓▓▓▓▓▓▓▓▓▓▓▓▓▓▓▓▓▓▓▓▓▓▓ +...o..@..=[[[)?!'______ ▓▓▓▓▓▓▓▓▓▓▓▓▓▓▓▓▓▓▓▓▓▓▓▓

You could see an orc warrior.

Vanquished Creatures
  A two-headed ogre (D)
  2 orc warriors (D)
  A hound (D)
  An iguana (D)
  2 adders (D)
  An orc (D)
  2 kobolds (D)
  2 frilled lizards (D)
  A goblin (D)
13 creatures vanquished.

Notes
Turn   | Place    | Note
-------+----------+-------------------------------------------
     0 | D        | Heoruswealwe the Minotaur Fighter began the quest for the
                  | Orb.
     0 | D        | Reached XP level 1. HP: 19/19 MP: 0/0
     6 | D        | Reached skill level 3 in Polearms
    25 | D        | Noticed a hound
    25 | D        | Noticed an iguana
    30 | D        | Reached skill level 4 in Polearms
    30 | D        | Reached XP level 2. HP: 28/28 MP: 1/1
    32 | D        | Reached skill level 5 in Fighting
    32 | D        | Reached skill level 6 in Polearms
    32 | D        | Reached skill level 5 in Armour
    32 | D        | Reached XP level 3. HP: 36/36 MP: 2/2
    35 | D        | Reached skill level 7 in Polearms
    35 | D        | Reached XP level 4. HP: 41/44 MP: 3/3
    47 | D        | Found a snail-covered altar of Cheibriados.
    47 | D        | Found a shadowy altar of Dithmenos.
    47 | D        | Found a white marble altar of Elyvilon.
    47 | D        | Found a blossoming altar of Fedhas.
    47 | D        | Found an opulent altar of Gozag.
    48 | D        | Found a hazy altar of Hepliaklqana.
    49 | D        | Found a viscous altar of Jiyva.
    50 | D        | Found an ancient bone altar of Kikubaaqudgha.
    51 | D        | Found a corrupted altar of Lugonu.
    52 | D        | Found a burning altar of Makhleb.
    53 | D        | Found a sparkling altar of Nemelex Xobeh.
    54 | D        | Found an iron altar of Okawaru.
    55 | D        | Became a worshipper of Gozag Ym Sagoz the Greedy
    56 | D        | Found a stormy altar of Qazlal.
    57 | D        | Found a sacrificial altar of Ru.
    58 | D        | Found a shimmering blue altar of Sif Muna.
    59 | D        | Found a bloodstained altar of Trog.
    60 | D        | Found a hide-covered altar of Uskayaw.
    61 | D        | Found a radiant altar of Vehumet.
    62 | D        | Found an ornate altar of the Wu Jian Council.
    63 | D        | Found a shimmering altar of Xom.
    64 | D        | Found a basalt altar of Yredelemnul.
    65 | D        | Found a glowing silver altar of Zin.
    66 | D        | Found a glowing golden altar of the Shining One.
   112 | D        | Noticed an orc warrior
   112 | D        | Noticed a shadow
   112 | D        | Noticed an orc warrior
   112 | D        | Noticed a two-headed ogre
   112 | D        | Noticed an orc warrior
   125 | D        | Killed a two-headed ogre
   126 | D        | Reached skill level 10 in Fighting
   126 | D        | Reached skill level 13 in Polearms
   126 | D        | Reached skill level 10 in Armour
   126 | D        | Reached XP level 5. HP: 20/58 MP: 4/4
   126 | D        | Reached XP level 6. HP: 23/66 MP: 5/5
   126 | D        | Reached XP level 7. HP: 25/72 MP: 6/6
   128 | D        | Reached skill level 14 in Polearms
   140 | D        | Slain by a shadow

Illustrated notes

Levels and vault maps discovered:
D:        linesprint [early_d, line_temple, items_1, d_10, items_2, lair_1,
          lair_end, items_3, orc_1, orc_end, items_4, d_15, swamp_1, shoals_1,
          snake_1, spider_1, d_20, vaults_1, items_5, swamp_end, shoals_end,
          snake_end, spider_end, vaults_end, d_27, items_6, zot_1, zot_end,
          crypt_end, forest_end, elf_end, slime_end, tomb_end, abyss_end,
          pan_hell_end]

Skill      XL: |  1  2  3  4  5  6  7 |
---------------+----------------------+-----
Polearms       | 4 6 7 13 14 | 14.3
Fighting       | 4 5 10 | 10.8
Armour         | 4 5 10 | 10.8
Shields        | |  3.6

Action                     |  1- 3 |  4- 6 |  7- 9 || total
---------------------------+-------+-------+-------++-------
  Melee: Trident           |    24 |     6 |       ||    30
         Headbutt          |     4 |     4 |       ||     8
         Halberd           |       |    12 |     5 ||    17
    Use: Potion            |       |     1 |       ||     1
 Armour: Scale mail        |    10 |    11 |     6 ||    27
  Dodge: Dodged            |     9 |     8 |       ||    17
  Block: Buckler           |     3 |     2 |       ||     5
